 Dungeon Crawl Stone Soup version 0.25-a0-663-gace7076f2c (webtiles) character file.

Game seed: 9587575110553469204, levelgen mode: deterministic

4528 ReteAZ the Grappler (level 10, -2/88 HPs)
             Began as a Ghoul Fighter on Mar 25, 2020.
             Was a Follower of Makhleb.
             Slain by Urug
             ... wielding a +2 long sword
              (21 damage)
             ... on level 10 of the Dungeon.
             The game lasted 00:10:25 (9953 turns).

ReteAZ the Grappler (Ghoul Fighter)                 Turns: 9953, Time: 00:10:26

Health: -2/88      AC: 11    Str: 22    XL:     10   Next: 39%
Magic:  9/9        EV:  8    Int:  5    God:    Makhleb [*.....]
Gold:   215        SH: 16    Dex: 11    Spells: 9/9 levels left

rFire    . . .     SeeInvis .     - Unarmed
rCold    + . .     Gourm    .   b - +0 kite shield
rNeg     + + +     Faith    .   a - +0 scale mail
rPois    ∞         Spirit   .   l - +1 helmet
rElec    .         Reflect  +   A - +0 cloak
rCorr    .         Harm     .   (no gloves)
MR       .....                  (no boots)
Stlth    +.........             w - +6 amulet of reflection
HPRegen  0.00/turn              y - ring of stealth
MPRegen  0.11/turn              B - +3 ring of dexterity

@: mighty, rotting
A: rotting body, claws 1, carnivore, cold resistance 1, negative energy
resistance 3, inhibited regeneration, torment resistance, unbreathing
a: Renounce Religion


You were on level 10 of the Dungeon.
You worshipped Makhleb.
Makhleb was aware of your devotion.
You were not hungry.

You visited 2 branches of the dungeon, and saw 11 of its levels.

You collected 395 gold pieces.
You spent 180 gold pieces at shops.

Inventory:

Missiles
 s - 93 poisoned darts (quivered)
 z - a throwing net
Armour
 a - a +0 scale mail (worn)
 b - a +0 kite shield (worn)
 l - a +1 helmet (worn)
 n - a +0 tower shield
 A - a +0 cloak (worn)
Jewellery
 i - an uncursed ring of flight
 w - a +6 amulet of reflection (around neck)
 y - a ring of stealth (left claw)
 B - a +3 ring of dexterity (right claw)
Wands
 q - a wand of iceblast (6)
 u - a wand of paralysis (18)
 D - a wand of flame (17)
 E - a wand of polymorph (8)
 M - a wand of acid (11)
 O - a wand of disintegration (16)
 P - a wand of enslavement (7)
Scrolls
 e - 4 scrolls of identify
 h - 6 scrolls of remove curse
 j - a scroll of teleportation
 m - 4 scrolls of enchant weapon
 t - 2 scrolls of blinking
 v - a scroll of immolation
 N - a scroll of vulnerability {unknown}
Potions
 c - 4 potions of might
 f - 7 potions of curing
 g - 2 potions of ambrosia {unknown}
 k - 3 potions of lignification {unknown}
 o - a potion of cancellation {unknown}
 p - a potion of haste {unknown}
 r - 3 potions of flight {unknown}
 C - a potion of resistance {unknown}
 I - 2 potions of brilliance {unknown}
 J - 2 potions of heal wounds
 K - 2 potions of stabbing {unknown}
Comestibles
 d - 17 rations
 x - 2 chunks of flesh


   Skills:
 + Level 8.0 Fighting
 + Level 6.6 Armour
 + Level 6.7 Shields
 * Level 10.5 Unarmed Combat


You had 9 spell levels left.
You didn't know any spells.
Your spell library contained the following spells:

 Spells                   Type           Power        Failure   Level  Hunger
 Animate Skeleton         Necr           N/A          98%         1    ##.....
 Corona                   Hex            #......      98%         1    ##.....
 Pain                     Necr           #...         98%         1    ##.....
 Ensorcelled Hibernation  Hex/Ice        #.....       99%         2    ###....
 Confusing Touch          Hex            #.......     100%        3    ####...
 Dazzling Flash           Conj/Hex       #.....       100%        3    ####...
 Tukima's Dance           Hex            #.......     100%        3    ####...
 Vampiric Draining        Necr           #.........   100%        3    ####...
 Animate Dead             Necr           N/A          100%        4    #####..
 Agony                    Necr           #.......     100%        5    ######.


Dungeon Overview and Level Annotations

Branches:
Dungeon (10/15)            Temple (1/1) D:7            Lair (0/6) D:10
    Orc: D:9-12

Altars:
Ashenzari
Cheibriados
Dithmenos
Elyvilon
Fedhas
Gozag
Hepliaklqana
Kikubaaqudgha
Makhleb
Nemelex Xobeh
Qazlal
Ru
Sif Muna
Trog
Uskayaw
Vehumet
Yredelemnul
Zin

Shops:
D:4 *   D:7 !   D:10 %

Annotations:
D:9 1 runed translucent door, Zan Hic's ghost, journeyman DsFi
D:10 Urug


Innate Abilities, Weirdness & Mutations

Your body is rotting away.
You thrive on raw meat.
You are immune to poison.
You have sharp fingernails.
You are carnivorous and can eat meat at any time.
Your flesh is cold resistant. (rC+)
You are immune to negative energy. (rN+++)
You do not regenerate when monsters are visible.
You are immune to unholy pain and torment.
You can survive without breathing.


Message History

A killer bee comes into view.
Your scale mail prevents you from hitting Urug.
Urug is heavily wounded.
The killer bee buzzes angrily.
Urug hits you with a +2 long sword!
You claw Urug!
Urug is severely wounded.
Urug hits you with a +2 long sword!
You scratch Urug but do no damage.
Urug is severely wounded.
You scratch Urug but do no damage.
Urug is severely wounded.
Urug hits you with a +2 long sword!!
* * * LOW HITPOINT WARNING * * *
You completely miss Urug.
Urug is severely wounded.
You block Urug's attack.
You feel very mighty all of a sudden. Urug hits you with a +2 long sword!!
You die...

,**,,**,,***,**,,,,,,,,,,,,,,,,,,
,**,,,,,,* *,,,,,,,,>,,,,,***,,,,
,********* *,##.,********,**,,,,,
,* *** #....,* *,,,,,,,, ,* *,*
#.#r.,* ****,,,,, ,*******,*
#.#.#** *,,,,,, ,,,,,,,.,*##.#.#
*,**,,, ,******..##..yr######
**,**,,, ,,>,,,,.....yyyo@...#
*,,,,,*, *,,,***,###..ay####.#
*,,,,,,, ,,,,,,,,* ##...# *,*
**,,∩,,*, *,,,****** ###(# *,*
*,,,,,,,, ,,,,,,,..#####.# *,*
*,,,,,,** **,****#.......# *,*
*,***,** **,* #######.# *,*
*,,,,,* **,* #.# *,* *****,* ,,,*
#.# *,* *,*


You could see Urug, a worker ant, 5 killer bees and a quokka.

Vanquished Creatures
  A centaur warrior (D:8)
  A hippogriff (D:7)
  A spriggan (D:7)
  A wyvern (D:7)
  A water moccasin (D:6)
  An orc warrior (D:8)
  A hornet zombie (D:8)
  3 ice beasts
  4 phantoms
  4 ogres
  A centaur (D:9)
  A big kobold (D:7)
  Blork the orc (D:4)
  6 bullfrogs
  7 scorpions
  3 wights (D:6)
  An electric eel (D:8)
  4 crimson imps
  A quasit (D:9)
  A bullfrog skeleton (D:6)
  5 jellies
  2 hounds
  An orc priest (D:6)
  3 centaur skeletons
  A gnoll shaman (D:8)
  2 iguanas
  3 orc wizards
  3 worker ants
  A hound zombie (D:6)
  A mummy (D:7)
  A worker ant zombie (D:6)
  9 gnolls
  5 adders
  A shadow imp (D:8)
  An ooze (D:1)
  5 worms
  A dart slug (D:1)
  5 leopard geckos
  16 orcs
  6 bats
  4 giant cockroaches
  7 goblins
  6 hobgoblins
  12 jackals
  4 quokkas
  A ball python (D:4)
  A ball python zombie (D:4)
  2 frilled lizards (D:1)
  A giant cockroach zombie (D:5)
  4 hobgoblin zombies (D:7)
  12 kobolds
  10 rats
180 creatures vanquished.

Vanquished Creatures (others)
  2 withered plants (D:9)
2 creatures vanquished.

Grand Total: 182 creatures vanquished

Notes
Turn   | Place    | Note
-------+----------+-------------------------------------------
     0 | D:1      | ReteAZ the Ghoul Fighter began the quest for the Orb.
     0 | D:1      | Reached XP level 1. HP: 19/19 MP: 0/0
   154 | D:1      | Reached XP level 2. HP: 19/26 MP: 1/1
   192 | D:1      | Reached XP level 3. HP: 30/31 MP: 2/2
   240 | D:1      | Reached skill level 3 in Unarmed Combat
   832 | D:1      | Reached XP level 4. HP: 38/39 MP: 3/3
  1116 | D:2      | Found a white marble altar of Elyvilon.
  2613 | D:4      | Found Gozag's Platinum Reserve.
  2614 | D:4      | Found an opulent altar of Gozag.
  2621 | D:4      | Reached XP level 5. HP: 46/46 MP: 4/4
  2741 | D:4      | Reached skill level 4 in Unarmed Combat
  2801 | D:4      | Noticed Blork the orc
  2817 | D:4      | Killed Blork the orc
  2817 | D:4      | Reached XP level 6. HP: 42/51 MP: 5/5
  3391 | D:4      | Reached skill level 5 in Unarmed Combat
  3537 | D:5      | Entered Level 5 of the Dungeon
  3598 | D:5      | Reached XP level 7. HP: 48/60 MP: 6/6
  4866 | D:5      | Reached skill level 5 in Fighting
  4992 | D:5      | Reached skill level 6 in Unarmed Combat
  5369 | D:6      | Reached XP level 8. HP: 46/61 MP: 7/7
  5629 | D:6      | Reached skill level 7 in Unarmed Combat
  6013 | D:6      | Found a blossoming altar of Fedhas.
  6204 | D:6      | Reached skill level 5 in Armour
  6204 | D:6      | Reached skill level 5 in Shields
  6341 | D:6      | Reached skill level 8 in Unarmed Combat
  6380 | D:7      | Reached XP level 9. HP: 75/75 MP: 8/8
  6766 | D:7      | Found a staircase to the Ecumenical Temple.
  6829 | Temple   | Entered the Ecumenical Temple
  7035 | Temple   | Became a worshipper of Makhleb the Destroyer
  7455 | D:7      | Reached skill level 9 in Unarmed Combat
  7497 | D:7      | HP: 3/78 [wyvern (12)]
  7652 | D:7      | Found Sied's Distillery.
  7657 | D:7      | Bought a potion of curing for 45 gold pieces
  7657 | D:7      | Bought a potion of might for 60 gold pieces
  7657 | D:7      | Bought a potion of heal wounds for 75 gold pieces
  8215 | D:8      | Noticed a centaur warrior
  8226 | D:8      | Killed a centaur warrior
  8226 | D:8      | Reached skill level 10 in Unarmed Combat
  8226 | D:8      | Reached XP level 10. HP: 60/85 MP: 9/9
  8297 | D:8      | Reached * piety under Makhleb
  9376 | D:9      | Found a runed translucent door.
  9376 | D:9      | Noticed Zan Hic's ghost (journeyman DsFi)
  9438 | D:9      | Found a sparkling altar of Nemelex Xobeh.
  9789 | D:10     | Entered Level 10 of the Dungeon
  9921 | D:10     | Found Yger's Food Shop.
  9926 | D:10     | Noticed Urug
  9953 | D:10     | Slain by Urug

Levels and vault maps discovered:
D:1:      minmay_arrival_wavy_path, layout_loops_ring,
          chequers_serial_rivers_small_3, minmay_tetromino_t4
D:2:      layout_rooms, elyvilon_altar_3
D:3:      layout_basic, first_ration
D:4:      layout_layer_cave, nicolae_gozag_zags_fifth_avenue, uniq_blork_the_orc
D:5:      layout_layer_cave
D:6:      layout_basic, nicolae_overflow_hidden_temple
D:7:      layout_basic, minmay_temple_entry_waves, serial_shops,
          kennysheep_little_box, the_bakery, minmay_mini_ossuary
D:8:      layout_basic, lightli_minifort
D:9:      layout_basic, gammafunk_ghost_grave, nemelex_diamond_rough_becter
D:10:     layout_loops_ring, david_lair_generic, serial_shops, shop,
          enter_bailey_2, kennysheep_generic_room_7, uniq_urug
Temple:   dpeg_five_rooms_temple

Skill      XL: |  1  2  3  4  5  6  7  8  9 10 |
---------------+-------------------------------+-----
Unarmed Combat | 3 4 5 6 8 10 | 10.5
Armour         | 3 4 5 6 |  6.6
Shields        | 3 4 5 6 |  6.7
Fighting       | 4 5 6 7 8 |  8.0

Action                   |  1- 3 |  4- 6 |  7- 9 | 10-12 || total
-------------------------+-------+-------+-------+-------++-------
Melee: Unarmed           |   129 |   195 |   354 |   160 ||   838
Throw: Dart              |       |     4 |    11 |       ||    15
  Use: Scroll            |       |       |     3 |     9 ||    12
       Potion            |       |       |       |     1 ||     1
  Eat: Chunk             |     8 |    19 |    22 |     7 ||    56
Armor: Scale mail        |    39 |    49 |    78 |    32 ||   198
Dodge: Dodged            |    43 |    39 |    60 |    25 ||   167
Block: Kite shield       |    69 |    75 |   126 |    97 ||   367
       Reflection        |       |       |     1 |     1 ||     2

Table legend:
 A = Non-vault XP
 B = Vault XP
 C = Vault XP percentage of total XP
 D = Non-vault monster count
 E = Vault monster count
 F = Vault count percentage of total count
                 A         B        C        D         E       F
            +---------+---------+-------+---------+---------+-------
      Total |    5949 |     520 |   8.0 |     168 |      12 |   6.7
            +---------+---------+-------+---------+---------+-------
        D:1 |      83 |       2 |   2.4 |      31 |       1 |   3.1
        D:2 |      28 |       0 |   0.0 |      12 |       0 |   0.0
        D:3 |      20 |       0 |   0.0 |      11 |       0 |   0.0
        D:4 |     277 |      91 |  24.7 |      17 |       1 |   5.6
        D:5 |     563 |       0 |   0.0 |      11 |       0 |   0.0
        D:6 |    1279 |       0 |   0.0 |      25 |       0 |   0.0
        D:7 |    1167 |     242 |  17.2 |      19 |       6 |  24.0
        D:8 |    1747 |     185 |   9.6 |      21 |       4 |  16.0
        D:9 |     718 |       0 |   0.0 |      20 |       0 |   0.0
       D:10 |      67 |       0 |   0.0 |       1 |       0 |   0.0
            +---------+---------+-------+---------+---------+-------
